Map: Arctic Dream LE

Players

qqq

  • Race: Zerg Zerg
  • Spawn Location: 12:00

Massa

  • Race: Terran Terran
  • League: Platinum
  • Spawn Location: 11:00

Emulebest

  • Race: Protoss Protoss
  • League: Diamond
  • Spawn Location: 6:00

Efreet

  • Race: Zerg Zerg
  • Spawn Location: 5:00

VOD

Have the link to the VOD?

Description

Time

  • Played on: Oct. 26, 2020, 3:32 p.m.
  • Length: 23:22
Show
View Real Time Build Order
Export as new Build Order

qqq Zerg 

Build Orders: Hatch First 

Get SALT Encoding   

  12  0:02  Drone  
  13  0:09  Drone  
  14  0:36  Hatchery  
  14  0:39  Drone  
  14  0:56  Spawning Pool  
  13  1:03  Overlord  
  13  1:08  Drone  
  13  1:10  Extractor  
  13  1:17  Drone  
  14  1:27  Drone x2  
  16  1:36  Drone  
  17  1:46  Drone  
  18  1:56  Queen  
  18  1:58  Queen  
  22  2:02  Drone  
  22  2:08  Drone  
  24  2:16  Overlord  
  24  2:29  Drone x2  
  27  2:30  Drone  
  27  2:41  Lair  
  27  2:43  Zergling x4  
  28  2:45  Zergling x2  
  28  2:51  Baneling Nest  
  28  2:53  Drone  
  28  2:57  Drone  
  30  2:59  Zergling x2  
  30  3:04  Zergling x2  
  32  3:08  Zergling x2  
  32  3:11  Zergling x2  
  34  3:15  Metabolic Boost  
  34  3:17  Zergling x2  
  34  3:18  Zergling x2  
  36  3:25  Overlord  
  36  3:29  Overlord  
  36  3:37  Baneling  
  36  3:38  Baneling x2  
  36  3:50  Zergling x4  
  36  3:51  Overlord  
  36  3:52  Zergling x4, Overlord  
  40  3:57  Baneling x2  
  41  4:02  Zergling x2  
  41  4:03  Zergling x4  
  41  4:08  Spore Crawler  
  42  4:12  Spore Crawler  
  42  4:13  Drone  
  42  4:15  Drone  
  43  4:19  Drone  
  43  4:22  Baneling  
  43  4:23  Baneling  
  41  4:43  Zergling x6  
  41  4:44  Zergling x10  
  46  5:04  Zergling x6  
  46  5:05  Zergling x8  
  50  5:11  Zergling x2  
  48  5:19  Zergling x4  
  46  5:28  Drone, Hydralisk Den  
  43  5:50  Extractor, Drone  
  43  5:51  Drone x3  
  43  5:52  Drone  
  43  5:56  Hydralisk  
  47  6:01  Hatchery  
  47  6:02  Hydralisk  
  47  6:03  Drone  
  51  6:05  Drone  
  51  6:08  Drone  
  51  6:30  Hydralisk x2  
  55  6:35  Queen  
  55  6:36  Drone x2  
  59  6:44  Drone  
  59  6:45  Overlord  
  59  6:46  Overlord x2  
  58  6:57  Hydralisk x2  
  58  6:58  Zergling x2  
  58  6:59  Drone  
  52  7:29  Hydralisk Den  
  51  7:31  Drone x2, Spire  
  51  7:32  Drone x4  
  51  7:33  Drone x2  
  51  7:36  Extractor  
  51  7:37  Extractor  
  56  7:38  Spore Crawler  
  56  7:40  Spore Crawler  
  52  8:06  Hydralisk x4  
  52  8:08  Drone x3  
  63  8:27  Drone  
  63  8:29  Queen  
  66  8:35  Hydralisk x2  
  66  8:37  Drone  
  71  8:41  Hatchery  
  71  8:48  Mutalisk  
  70  8:49  Mutalisk  
  70  8:50  Hatchery  
  70  8:53  Zerg Flyer Weapons Level 1  
  73  9:00  Drone  
  73  9:01  Overlord  
  74  9:12  Mutalisk x2  
  78  9:21  Muscular Augments  
  78  9:28  Mutalisk  
  78  9:30  Zergling x6, Overlord x2  
  78  9:31  Overlord  
  66  10:22  Mutalisk x5  
  66  10:24  Drone x3  
  66  10:25  Zergling x6  
  72  10:35  Mutalisk x2  
  66  10:37  Drone x2  
  70  10:54  Drone x2  
  72  11:00  Drone, Spore Crawler  
  72  11:01  Drone  
  73  11:13  Hydralisk x5  
  73  11:14  Hydralisk, Lurker Den  
  73  11:16  Zergling x2  
  73  11:17  Drone x2  
  87  11:19  Baneling x2  
  87  11:21  Drone  
  88  11:37  Corruptor  
  88  11:38  Zergling x2  
  88  11:39  Drone x2, Zergling x4  
  96  11:40  Drone  
  96  11:45  Baneling  
  96  11:46  Baneling  
  81  12:20  Mutalisk x5  
  87  12:44  Drone  
  87  12:45  Drone x5  
  87  12:46  Mutalisk x2  
  87  12:48  Hydralisk x2  
  95  13:23  Drone x6  
  100  13:34  Drone  
  100  13:36  Extractor  
  100  13:37  Extractor  
  100  13:38  Extractor x2  
  96  13:44  Zerg Flyer Armor Level 1  
  96  13:46  Hatchery  
  95  13:48  Infestation Pit  
  95  13:51  Hatchery  
  95  13:52  Evolution Chamber  
  95  13:53  Evolution Chamber  
  95  13:54  Grooved Spines  
  91  14:03  Drone x2  
  91  14:04  Drone  
  90  14:29  Mutalisk  
  90  14:30  Mutalisk x6  
  98  14:32  Drone x2  
  92  15:00  Mutalisk x3  
  92  15:02  Zergling x14  
  92  15:03  Drone x2  
  92  15:04  Drone  
  98  15:38  Mutalisk x4  
  98  15:39  Drone  
  98  15:40  Drone x2  
  99  15:43  Drone x3  
  99  15:46  Drone x3  
  99  15:49  Hatchery  
  104  15:50  Mutalisk  
  106  16:13  Mutalisk x2  
  106  16:14  Zergling x6  
  106  16:15  Drone, Zergling x6  
  106  16:16  Drone x7  
  117  16:37  Mutalisk  
  117  16:38  Mutalisk, Zergling x2  
  117  16:39  Drone, Zergling x6  
  127  16:40  Zergling x8  
  127  16:45  Drone  
  129  16:48  Drone x2  
  131  16:55  Hatchery  
  131  16:57  Hatchery  
  127  17:05  Mutalisk  
  127  17:06  Mutalisk  
  127  17:07  Zergling x4  
  127  17:08  Drone x3, Zergling x4  
  131  17:32  Mutalisk  
  131  17:33  Zergling x8  
  131  17:34  Drone x4, Zergling x2  
  131  17:35  Drone x2  
  131  17:36  Hive  
  132  18:06  Corruptor x2  
  132  18:07  Mutalisk x3  
  132  18:08  Zergling x2  
  132  18:09  Drone x4  
  132  18:10  Zergling x10  
  132  18:12  Extractor  
  151  18:13  Extractor  
  149  18:28  Drone x2  
  149  18:29  Drone  
  152  18:37  Corruptor  
  152  18:42  Extractor  
  143  18:58  Extractor  
  143  18:59  Extractor  
  141  19:05  Corruptor x3  
  141  19:06  Corruptor  
  141  19:07  Drone x3  
  141  19:08  Drone x2  
  151  19:12  Overlord x2  
  151  19:13  Overlord x3  
  136  19:25  Zergling x4  
  136  19:26  Zergling x2  
  136  19:27  Drone x3, Mutalisk x4  
  145  19:41  Zergling x8  
  145  19:42  Zergling x2  
  138  19:46  Ultralisk Cavern  
  138  19:50  Zergling x8  
  138  19:51  Zergling x10  
  138  19:52  Zergling x10  
  144  19:53  Zergling x4  
  137  20:02  Zergling x10  
  137  20:03  Zergling x6  
  130  20:14  Zergling x6  
  129  20:27  Overlord  
  129  20:28  Overlord x2  
  120  20:30  Drone x2  
  120  20:31  Drone  
  120  20:34  Anabolic Synthesis  
  114  20:36  Ultralisk  
  114  20:40  Spawning Pool  
  114  20:43  Spawning Pool  
  97  20:55  Ultralisk x2  
  109  20:57  Ultralisk x2  
  109  20:59  Overlord x2  
  59  22:01  Hatchery  
  52  22:03  Hatchery  
  52  22:07  Hatchery  
  37  22:25  Hatchery, Zergling x4  
  31  22:32  Hatchery  
  21  23:06  Spine Crawler  
  21  23:08  Spine Crawler  
Show
View Real Time Build Order
Export as new Build Order

Massa Terran 

Build Orders: Reaper Expand 

Get SALT Encoding   

  12  0:00  SCV  
  13  0:12  SCV  
  14  0:17  Supply Depot  
  14  0:24  SCV  
  15  0:38  SCV  
  15  0:39  Barracks  
  16  0:46  Refinery  
  16  0:50  SCV  
  17  1:03  SCV  
  18  1:15  SCV  
  19  1:27  Orbital Command  
  19  1:30  Reaper  
  20  1:41  Command Center  
  20  1:53  SCV  
  21  2:02  Marine  
  21  2:06  SCV  
  23  2:13  Supply Depot  
  23  2:16  Factory  
  23  2:26  Barracks Reactor  
  23  2:51  SCV  
  24  3:03  SCV  
  25  3:09  Factory Tech Lab  
  25  3:10  Marine x2  
  25  3:11  Refinery  
  27  3:15  SCV  
  27  3:18  Barracks  
  28  3:20  Starport, Orbital Command  
  28  3:27  SCV, Marine  
  28  3:28  Marine  
  28  3:32  Supply Depot  
  28  3:33  Supply Depot  
  31  3:39  SCV, Engineering Bay  
  32  3:49  Marine, Siege Tank  
  32  3:50  Marine  
  37  3:57  SCV  
  37  3:58  SCV  
  39  4:07  Marine x2  
  39  4:09  SCV  
  42  4:10  SCV  
  43  4:20  Barracks Tech Lab  
  43  4:21  Siege Tank  
  46  4:25  Marine x2  
  47  4:34  Medivac  
  47  4:36  SCV x2  
  51  4:39  Refinery  
  51  4:41  Refinery  
  51  4:43  Marine x2  
  53  4:48  SCV x2  
  53  4:50  Missile Turret  
  53  4:52  Missile Turret  
  55  4:56  Missile Turret  
  55  5:00  SCV x2  
  55  5:01  Marine x2, Missile Turret  
  55  5:03  Missile Turret  
  47  5:39  Marauder, Marine x2  
  47  5:40  Stimpack  
  47  5:42  Cyclone  
  54  5:44  Liberator  
  54  5:46  SCV x2  
  59  5:57  Marine  
  59  5:58  SCV x2  
  59  5:59  Command Center  
  62  6:07  Supply Depot  
  62  6:08  Supply Depot x2  
  62  6:14  Supply Depot  
  62  6:22  Supply Depot x2  
  62  6:28  SCV x2, Marine, Cyclone  
  62  6:29  Marauder, Marine  
  71  6:46  Marine  
  72  6:47  Marine  
  72  6:50  Marauder  
  75  7:04  Marine  
  75  7:05  Marine  
  77  7:11  Marine  
  78  7:19  Combat Shield  
  78  7:22  Marine  
  79  7:23  Orbital Command, Marine  
  79  7:29  Marine  
  78  7:35  Terran Infantry Weapons Level 1  
  78  7:39  Marine  
  78  7:40  Marine  
  80  7:47  Marauder  
  80  7:49  Medivac  
  81  7:55  Cyclone  
  81  7:57  Marine  
  85  7:58  Marine  
  85  8:02  Barracks  
  85  8:03  Barracks  
  86  8:09  Marauder  
  87  8:15  Marine  
  87  8:16  Marine  
  87  8:19  Medivac  
  90  8:27  Cyclone  
  90  8:31  Marauder  
  90  8:33  Marine  
  96  8:34  Marine  
  97  8:51  SCV x2, Marine  
  97  8:52  Orbital Command, Marauder, Marine  
  97  8:53  Barracks  
  103  8:59  Siege Tank  
  106  9:03  SCV x2  
  106  9:09  Marine  
  109  9:10  Marine, Missile Turret  
  109  9:14  Marauder  
  109  9:15  SCV x2  
  114  9:26  Marine  
  114  9:27  SCV x2  
  115  9:32  Siege Tank  
  115  9:35  Marauder  
  114  9:39  SCV  
  114  9:40  SCV  
  114  9:44  SCV  
  115  9:46  Armory  
  115  9:48  Barracks Reactor x3  
  115  9:51  SCV  
  115  9:52  SCV  
  117  9:56  SCV, Marauder  
  120  10:03  SCV  
  120  10:04  Refinery, SCV  
  120  10:05  Refinery  
  122  10:08  SCV  
  122  10:13  Missile Turret  
  123  10:15  SCV, Missile Turret  
  123  10:16  SCV  
  125  10:28  Terran Infantry Armor Level 1  
  125  10:32  Marine  
  125  10:33  SCV x2  
  125  10:34  Marine x3, Missile Turret  
  125  10:36  Missile Turret  
  125  10:54  Terran Vehicle Weapons Level 1  
  125  10:58  Command Center  
  125  11:06  Factory x2  
  125  11:08  Factory  
  125  11:14  Armory  
  125  11:21  Supply Depot  
  125  11:22  Supply Depot  
  125  11:23  Supply Depot  
  125  11:25  Supply Depot  
  125  11:30  Starport Reactor  
  125  11:34  Smart Servos  
  125  11:38  Concussive Shells  
  125  11:43  SCV, Marine x9, Thor  
  141  11:54  Factory Tech Lab x3  
  141  11:55  SCV  
  141  11:56  Missile Turret x2  
  141  11:57  Missile Turret  
  141  11:58  Missile Turret  
  141  12:01  Marine x5, Missile Turret  
  147  12:19  Thor x3  
  165  12:26  Thor  
  165  12:27  SCV  
  172  12:38  Supply Depot x2  
  172  12:39  Supply Depot  
  172  12:53  Terran Vehicle Weapons Level 2, Terran Vehicle And Ship Armor Level 1, Supply Depot  
  172  13:00  SCV x3  
  172  13:02  Thor x2  
  187  13:09  Thor  
  187  13:11  Supply Depot  
  187  13:12  SCV x2  
  158  13:13  Supply Depot  
  158  13:18  Supply Depot  
  158  13:19  Thor  
  164  13:23  Orbital Command  
  164  13:27  Missile Turret x2  
  164  13:28  SCV, Missile Turret  
  164  13:29  SCV x2  
  164  13:40  SCV  
  164  13:41  SCV x2  
  167  13:44  Terran Infantry Weapons Level 2, Thor x2  
  167  13:47  Missile Turret x2  
  179  13:48  Engineering Bay, Missile Turret  
  179  13:51  Refinery  
  179  13:52  Thor  
  179  13:55  Refinery  
  182  14:00  Marine  
  182  14:01  Marine x8  
  191  14:09  Missile Turret  
  186  14:12  Command Center  
  173  14:18  Marine  
  173  14:19  Marine x8  
  180  14:36  Marine  
  180  14:37  Thor x3  
  196  14:46  Viking x2  
  200  15:02  Mag-Field Accelerator  
  200  15:21  Command Center  
  198  16:35  Thor  
  198  16:36  Thor  
  149  16:57  Thor, Hellbat  
  149  16:58  Marauder  
  149  16:59  Marine x8  
  107  17:03  Planetary Fortress  
  107  17:16  Marine  
  107  17:17  Marine x3  
  107  17:18  Thor x3  
  107  17:20  Marauder  
  122  17:35  Barracks  
  122  17:36  Barracks  
  117  17:37  Barracks  
  117  17:39  Barracks x2  
  117  17:41  Marauder  
  117  17:43  SCV  
  124  17:46  Marine x3  
  124  17:47  Marine x5  
  131  17:55  SCV  
  117  18:01  Thor  
  117  18:02  Marauder  
  117  18:04  Marine x8  
  124  18:08  SCV  
  105  18:20  SCV  
  105  18:22  Marine x8  
  105  18:24  Marauder  
  112  18:32  SCV  
  93  18:40  Marine x3  
  74  18:45  Marauder  
  47  19:00  SCV  
  41  19:05  Command Center  
  41  19:06  Command Center  
  32  19:12  SCV  
  32  19:15  Missile Turret x2  
  32  19:17  Factory x2, Missile Turret  
  32  19:18  Factory x2  
  30  19:24  SCV  
  30  19:36  SCV  
  18  19:49  SCV  
  19  19:57  Engineering Bay  
  19  20:00  Supply Depot  
  19  20:01  SCV  
  19  20:04  Factory Tech Lab x4, Supply Depot  
  20  20:08  Armory  
  20  20:13  SCV  
  21  20:25  SCV, Planetary Fortress  
  21  20:26  Planetary Fortress  
  22  20:33  Command Center  
  22  20:37  Barracks Tech Lab, SCV  
  22  20:38  Barracks Reactor  
  23  20:49  SCV  
  24  20:56  Thor x2  
  36  20:57  Thor  
  36  21:00  Marauder  
  36  21:01  SCV  
  36  21:02  SCV  
  46  21:04  SCV  
  47  21:13  SCV  
  47  21:15  SCV  
  47  21:16  SCV  
  50  21:22  Marauder  
  50  21:23  Marine x2  
  54  21:25  SCV  
  54  21:27  SCV  
  54  21:28  SCV  
  57  21:37  SCV  
  57  21:39  SCV  
  59  21:40  SCV  
  59  21:41  Marine x2  
  59  21:43  Marauder  
  64  21:50  SCV  
  64  21:51  SCV  
  65  21:55  SCV  
  65  21:59  Marine x2  
  65  22:01  Orbital Command  
  68  22:02  SCV  
  68  22:06  Missile Turret x2  
  68  22:07  Missile Turret x2  
  69  22:18  SCV x3  
  70  22:30  SCV x2  
  60  22:50  Marine  
  60  22:51  Marauder, Marine  
  72  22:52  SCV x3  
  72  22:58  SCV  
  76  23:04  SCV x3  
  79  23:10  SCV  
  80  23:13  Refinery  
  80  23:14  Refinery  
Show
View Real Time Build Order
Export as new Build Order

Emulebest Protoss 

Build Orders: Carriers 

Get SALT Encoding   

  12  0:02  Probe (Chrono Boost)  
  13  0:14  Pylon  
  13  0:15  Probe (Chrono Boost)  
  14  0:25  Probe  
  15  0:38  Gateway  
  15  0:41  Probe  
  16  0:52  Assimilator  
  16  0:54  Probe  
  17  1:06  Probe (Chrono Boost)  
  18  1:17  Probe (Chrono Boost)  
  19  1:22  Probe (Chrono Boost)  
  20  1:28  Cybernetics Core  
  20  1:32  Probe  
  21  1:43  Zealot  
  21  1:46  Pylon  
  23  1:49  Assimilator  
  23  2:04  Probe  
  24  2:16  Probe  
  25  2:27  Stargate  
  25  2:28  Probe  
  25  2:46  Stalker (Chrono Boost)  
  27  3:05  Nexus  
  27  3:07  Void Ray (Chrono Boost)  
  31  3:25  Pylon  
  31  3:29  Pylon  
  31  3:43  Probe  
  31  3:47  Gateway  
  32  3:55  Probe, Shield Battery  
  33  4:06  Void Ray  
  33  4:07  Probe (Chrono Boost)  
  33  4:09  Gateway  
  39  4:25  Probe (Chrono Boost)  
  39  4:29  Warp Gate  
  39  4:33  Probe x2 (Chrono Boost)  
  41  4:44  Probe (Chrono Boost)  
  43  4:47  Pylon  
  43  4:50  Probe (Chrono Boost)  
  43  4:52  Probe (Chrono Boost)  
  44  4:56  Probe (Chrono Boost)  
  44  4:59  Probe  
  46  5:08  Probe  
  46  5:10  Void Ray (Chrono Boost)  
  46  5:11  Probe  
  48  5:20  Probe  
  53  5:37  Void Ray (Chrono Boost)  
  53  5:49  Probe x2  
  59  5:53  Assimilator  
  59  5:55  Assimilator  
  59  5:57  Fleet Beacon  
  59  6:01  Probe x2  
  61  6:38  Pylon  
  61  6:40  Pylon  
  61  6:50  Void Ray  
  51  7:27  Void Ray  
  55  8:07  Probe x2 (Chrono Boost)  
  53  8:16  Probe (Chrono Boost)  
  53  8:17  Probe (Chrono Boost)  
  51  8:21  Probe (Chrono Boost), Carrier (Chrono Boost)  
  51  8:22  Probe (Chrono Boost)  
  51  8:28  Stargate  
  51  8:33  Probe x2  
  53  8:45  Probe x2  
  51  9:07  Nexus  
  51  9:12  Pylon  
  51  9:14  Pylon  
  51  9:18  Pylon  
  51  9:22  Carrier (Chrono Boost)  
  56  9:33  Carrier (Chrono Boost)  
  56  9:39  Pylon  
  56  9:57  Stargate  
  56  10:09  Probe x2 (Chrono Boost)  
  56  10:12  Carrier (Chrono Boost)  
  64  10:19  Probe x2 (Chrono Boost)  
  66  10:23  Probe x2 (Chrono Boost)  
  66  10:24  Probe (Chrono Boost)  
  69  10:28  Forge  
  69  10:30  Carrier  
  69  10:33  Probe  
  69  10:35  Probe x2  
  77  10:40  Carrier (Chrono Boost)  
  84  10:45  Protoss Air Weapons Level 1  
  84  10:47  Probe x2 (Chrono Boost)  
  84  10:48  Probe (Chrono Boost), Assimilator  
  87  10:52  Assimilator  
  87  10:54  Shield Battery  
  87  10:57  Shield Battery  
  87  10:59  Probe (Chrono Boost)  
  87  11:00  Probe (Chrono Boost)  
  87  11:03  Probe (Chrono Boost)  
  90  11:05  Probe x2 (Chrono Boost)  
  90  11:09  Photon Cannon  
  90  11:10  Probe, Carrier (Chrono Boost)  
  93  11:13  Probe (Chrono Boost)  
  93  11:14  Probe (Chrono Boost)  
  93  11:17  Twilight Council  
  101  11:22  Probe (Chrono Boost)  
  102  11:31  Probe (Chrono Boost)  
  102  11:32  Probe (Chrono Boost)  
  105  11:33  Probe (Chrono Boost)  
  105  11:38  Probe x2 (Chrono Boost)  
  105  11:39  Probe (Chrono Boost)  
  114  11:41  Carrier (Chrono Boost)  
  114  11:50  Probe x2  
  116  11:57  Photon Cannon  
  116  12:02  Photon Cannon  
  116  12:03  Probe  
  117  12:20  Photon Cannon  
  113  12:24  Carrier (Chrono Boost)  
  116  12:54  Pylon  
  116  12:57  Shield Battery, Pylon  
  116  12:58  Shield Battery  
  116  13:00  Charge  
  116  13:02  Carrier  
  122  13:15  Carrier  
  128  13:26  Protoss Air Armor Level 1 (Chrono Boost)  
  128  13:28  Pylon  
  128  13:45  Carrier (Chrono Boost)  
  134  13:56  Nexus  
  134  13:57  Pylon  
  134  13:59  Pylon  
  134  14:01  Pylon  
  134  14:04  Carrier (Chrono Boost)  
  128  14:26  Carrier (Chrono Boost)  
  119  14:40  Carrier  
  120  15:01  Carrier  
  126  15:14  Assimilator  
  126  15:20  Probe (Chrono Boost), Assimilator  
  130  15:23  Photon Cannon, Carrier  
  130  15:25  Probe (Chrono Boost), Photon Cannon  
  130  15:26  Probe x2 (Chrono Boost)  
  130  15:27  Shield Battery  
  136  15:30  Shield Battery  
  136  15:34  Probe x3 (Chrono Boost)  
  137  15:44  Probe  
  137  15:45  Probe  
  136  16:17  Carrier  
  140  16:40  Carrier (Chrono Boost)  
  140  16:42  Carrier (Chrono Boost)  
  128  17:18  Carrier (Chrono Boost)  
  136  18:25  Pylon  
  124  18:43  Carrier  
  130  19:27  Carrier (Chrono Boost)  
  130  19:28  Pylon  
  130  19:31  Pylon  
  130  19:33  Carrier (Chrono Boost)  
  130  20:24  Pylon x2  
  130  20:25  Pylon  
  130  20:26  Pylon x2  
  130  20:28  Pylon  
  130  20:32  Pylon  
  130  20:40  Carrier x2 (Chrono Boost)  
  130  20:49  Carrier (Chrono Boost)  
  148  21:23  Photon Cannon  
  148  21:24  Photon Cannon  
  148  21:26  Photon Cannon  
  148  21:29  Carrier (Chrono Boost)  
  148  21:30  Photon Cannon, Pylon  
  160  21:35  Carrier (Chrono Boost)  
  166  21:46  Carrier (Chrono Boost)  
  161  23:01  Probe  
  161  23:02  Probe  
Show
View Real Time Build Order
Export as new Build Order

Efreet Zerg 

Build Orders: Hatch First, Lurkers 

Get SALT Encoding   

  12  0:00  Drone  
  13  0:08  Drone  
  13  0:13  Extractor  
  13  0:15  Drone  
  15  0:22  Overlord  
  15  0:40  Drone x2  
  17  0:52  Hatchery  
  17  0:55  Drone  
  17  0:59  Extractor  
  17  1:00  Drone  
  17  1:17  Spawning Pool  
  16  1:18  Drone  
  16  1:20  Drone  
  18  1:26  Drone  
  19  1:37  Drone  
  20  1:50  Overlord  
  20  2:03  Queen  
  20  2:04  Queen  
  20  2:05  Zergling x4  
  26  2:11  Drone  
  26  2:13  Metabolic Boost  
  26  2:15  Drone  
  28  2:23  Drone  
  28  2:26  Drone  
  30  2:42  Queen  
  32  2:44  Queen  
  32  2:48  Overlord  
  34  2:52  Baneling Nest  
  34  2:54  Drone x2  
  34  2:56  Drone  
  36  3:17  Drone x3  
  36  3:18  Overlord  
  39  3:33  Hatchery  
  38  3:44  Zergling x12  
  38  3:45  Zergling x6  
  45  4:06  Baneling x4, Roach Warren  
  44  4:10  Evolution Chamber  
  44  4:13  Lair  
  44  4:15  Drone x4  
  44  4:16  Drone  
  48  4:20  Overlord  
  48  4:25  Overlord  
  40  4:40  Zergling x6  
  40  4:41  Zergling x6  
  45  4:51  Roach x3  
  49  5:04  Roach  
  49  5:05  Roach x4  
  51  5:08  Queen  
  51  5:19  Zergling x2  
  51  5:20  Zergling x10  
  51  5:34  Roach x3  
  55  5:41  Queen  
  57  5:48  Drone x5  
  62  5:54  Drone x2  
  64  5:58  Extractor  
  63  6:04  Glial Reconstitution  
  61  6:29  Drone x3  
  64  6:34  Drone x2, Extractor  
  64  6:37  Drone  
  64  6:38  Drone x3  
  64  6:39  Overlord x2  
  69  6:40  Drone, Overlord  
  69  6:41  Drone  
  61  7:07  Roach x8  
  67  7:12  Drone x3  
  67  7:13  Drone x2  
  72  7:18  Roach x2  
  76  7:28  Extractor  
  75  7:30  Extractor  
  75  7:31  Queen x3  
  75  7:33  Overlord x3  
  75  7:35  Roach  
  82  7:38  Zerg Missile Weapons Level 1  
  82  7:43  Hatchery  
  81  7:50  Drone x2  
  81  7:51  Drone x2  
  84  7:55  Drone x2  
  84  7:56  Drone  
  89  7:58  Drone x3  
  89  8:00  Roach x2  
  95  8:16  Roach x2  
  95  8:17  Roach x7  
  113  8:22  Centrifical Hooks  
  113  8:30  Zergling x10  
  118  8:34  Queen  
  118  8:35  Queen  
  118  8:37  Overlord x2  
  122  8:49  Hydralisk Den  
  121  8:56  Queen  
  121  8:58  Overlord x3  
  121  8:59  Drone  
  121  9:00  Drone x8  
  132  9:18  Drone x2  
  132  9:20  Hydralisk x6  
  132  9:21  Extractor  
  145  9:24  Muscular Augments  
  145  9:41  Zerg Missile Weapons Level 2  
  145  9:43  Hydralisk  
  145  9:44  Hydralisk x6  
  159  9:49  Evolution Chamber  
  158  10:00  Hydralisk  
  158  10:01  Hydralisk x4  
  158  10:02  Overlord  
  158  10:03  Overlord x2  
  159  10:24  Drone x3  
  126  10:42  Grooved Spines, Lurker Den  
  109  10:47  Hydralisk  
  109  10:48  Hydralisk x8  
  127  11:13  Extractor  
  126  11:18  Hydralisk  
  126  11:19  Hydralisk  
  126  11:20  Hydralisk x3  
  126  11:21  Hatchery  
  126  11:22  Extractor, Zergling x2  
  126  11:23  Zergling x16  
  126  11:24  Extractor  
  142  11:29  Queen  
  142  11:30  Drone  
  142  11:31  Drone x6  
  142  11:32  Hatchery  
  150  11:40  Drone  
  150  11:41  Drone x2, Extractor  
  148  12:03  Drone x3  
  149  12:18  Lurker  
  149  12:19  Lurker x10  
  149  12:20  Lurker  
  161  12:27  Infestation Pit  
  161  12:28  Zergling x2  
  161  12:29  Zergling x28  
  175  12:42  Drone  
  175  12:43  Drone x3  
  179  12:44  Drone x4  
  122  13:20  Hydralisk x2  
  122  13:21  Hydralisk x5  
  122  13:22  Infestor x3  
  122  13:23  Roach  
  122  13:24  Roach x7  
  145  13:33  Drone x3  
  140  13:37  Queen  
  142  13:45  Hydralisk  
  142  13:46  Hydralisk x8  
  160  13:50  Hive  
  160  13:51  Pathogen Glands  
  160  13:59  Hydralisk x5  
  158  14:36  Lurker  
  158  14:37  Lurker x12  
  171  14:38  Roach  
  171  14:39  Roach x3  
  171  14:40  Zergling x32  
  188  15:20  Drone x2  
  185  15:21  Drone  
  185  15:22  Drone x2  
  185  15:23  Drone  
  177  15:46  Baneling  
  177  15:47  Baneling x18  
  177  15:48  Baneling x13  
  165  16:11  Hydralisk x2  
  165  16:12  Hydralisk x5  
  100  16:55  Hydralisk  
  100  16:56  Hydralisk x7  
  100  16:57  Roach  
  100  16:58  Roach x9  
  100  17:00  Queen  
  100  17:01  Queen x5  
  110  17:46  Drone x2  
  110  17:47  Drone x2  
  110  17:48  Drone x2  
  110  17:49  Drone x4  
  110  17:50  Queen x4  
  125  18:26  Overlord  
  125  18:27  Overlord x7  
  120  18:44  Queen  
  120  19:02  Hydralisk  
  120  19:03  Hydralisk x11  
  126  19:25  Queen x2  
  83  20:01  Hydralisk x5  
  33  21:50  Hydralisk x4  
  33  21:51  Hydralisk x2  
Tags
 
Add a new tag
Caveats
  • Supply blocks, unpowered buildings, or Contaminate may cause inaccurate times.
  • Supply counts are checked every 10 seconds.